 Dungeon Crawl Stone Soup version 0.26.1-11-gd32895ea62 (webtiles) character file.

Game seed: 16636802182128408076

25550 Zeld the Cleaver (level 12, -11/115 HPs)
             Began as a Minotaur Berserker on May 28, 2021.
             Was a High Priest of Trog.
             Killed from afar by Jorgrun (42 damage)
             ... with an iron shot
             ... on level 13 of the Dungeon.
             The game lasted 00:16:38 (20161 turns).

Zeld the Cleaver (Minotaur Berserker)              Turns: 20161, Time: 00:16:39

Health: -11/115    AC: 19    Str: 27    XL:     12   Next: 90%
Magic:  11/11      EV: 12    Int:  4    God:    Trog [*****.]
Gold:   102        SH:  0    Dex: 10    Spells: 11/11 levels left

rFire    . . .     SeeInvis .   a - +4 hand axe
rCold    . . .     Faith    .   (no shield)
rNeg     . . .     Spirit   .   r - +0 plate armour
rPois    .         Reflect  .   (helmet restricted)
rElec    .         Harm     .   u - +2 cloak
rCorr    .         Rampage  .   (no gloves)
Will     .....                  (no boots)
Stlth    ..........             (no amulet)
HPRegen  0.29/turn              (no ring)
MPRegen  0.12/turn              (no ring)

@: berserk cooldown, slowed, very slow
A: retaliatory headbutt, horns 2
a: Renounce Religion, Berserk, Trog's Hand, Brothers in Arms


You were on level 13 of the Dungeon.
You worshipped Trog.
Trog was extremely pleased with you.
You visited 3 branches of the dungeon, and saw 15 of its levels.

You collected 934 gold pieces.
You spent 832 gold pieces at shops.

Inventory:

Hand Weapons
 a - a +4 hand axe (weapon)
Armour
 r - a +0 plate armour (worn)
 u - a +2 cloak (worn)
Wands
 j - a wand of flame (19)
 v - a wand of paralysis (30)
 y - a wand of disintegration (14)
 C - a wand of iceblast (15)
 D - a wand of polymorph (12)
 E - a wand of digging (5)
Scrolls
 b - 7 scrolls of fear
 f - 7 scrolls of remove curse
 h - a scroll of holy word
 p - 3 scrolls of magic mapping
 x - 3 scrolls of blinking
 A - 6 scrolls of teleportation
Potions
 d - 3 potions of might
 e - 4 potions of heal wounds
 g - 4 potions of attraction {unknown}
 i - 3 potions of haste
 k - 7 potions of ambrosia {unknown}
 l - 4 potions of curing {unknown}
 m - a potion of flight {unknown}
 s - a potion of invisibility {unknown}
 t - 3 potions of lignification {unknown}
 w - 3 potions of resistance
 z - 2 potions of berserk rage
 B - a potion of brilliance {unknown}
Miscellaneous
 c - a phial of floods
 n - a phial of floods
 q - a phantom mirror


   Skills:
 * Level 13.0 Fighting
 - Level 14.0 Axes
 * Level 12.8 Armour
 * Level 11.8 Dodging


You had 11 spell levels left.
You didn't know any spells.
Your spell library was empty.

Dungeon Overview and Level Annotations

Branches:
Dungeon (13/15)            Temple (1/1) D:6            Lair (1/6) D:8
    Orc (0/2) D:11
 Vaults: D:13-14

Altars:
Ashenzari
Cheibriados
Dithmenos
Elyvilon
Fedhas
Gozag
Hepliaklqana
Kikubaaqudgha
Makhleb
Nemelex Xobeh
Okawaru
Qazlal
Ru
Sif Muna
Trog
Uskayaw
Vehumet
Wu Jian
Xom
Yredelemnul
Zin
The Shining One

Shops:
D:4 =   D:7 !   D:8 :   D:11 *(   D:12 ?

Annotations:
D:13 Jorgrun


Innate Abilities, Weirdness & Mutations

You reflexively headbutt those who attack you in melee.
You have a pair of horns on your head.


Message History

Unknown command.
You are too injured to fight recklessly!
Unknown command.
You are too injured to fight recklessly!
You are too injured to fight recklessly!
The roots' grasp on you weakens, but your attempt to escape fails.
The white ugly thing pecks you but does no damage.
You escape the roots' grasp.
You feel a strong urge to attack something.
Jorgrun casts a spell at you. The iron shot misses you.
Jorgrun gestures next to the orc warrior while chanting.
Some rock shatters into small pieces.
You feel your anger nearly subside.
You are no longer berserk.
You are exhausted.
You feel yourself slow down.
Jorgrun points at you and mumbles some strange words.
The iron shot hits you!!!
You die...

!...<.. .#
#...#.# ..#
#...#.##..#
#...#.....
#ug)..>...
#######o.)#.###.#
#........?.)..^.#
#.###.#o#.#.#####
#........@.....#
#.#.###.###.##.#
#.........##.###
#.###.##.........
#.##...#.####
###.#......#
............#
####.###†#### ...
#.# #.#


You could see Jorgrun (strong), a white ugly thing, an orc warrior and an orc
priest.

Vanquished Creatures
  A boulder beetle (D:11)
  A centaur warrior (D:13)
  7 two-headed ogres
  A tengu warrior (D:13)
  Urug (D:11)
  2 deep elf magi (D:12)
  5 ugly things
  A manticore (D:12)
  2 slime creatures (D:12)
  2 cyclopes
  Psyche (D:9)
  3 kobold demonologists (D:11)
  2 gargoyles (D:11)
  A komodo dragon (D:11)
  A centaur skeleton (D:13)
  A queen bee (D:9)
  3 trolls (D:11)
  A hornet (D:13)
  A centaur simulacrum (D:11)
  2 wraiths (D:13)
  A wyvern (D:9)
  Eustachio (D:4)
  13 yaks
  Menkaure (D:7)
  4 ice beasts
  3 orc warriors
  3 sky beasts
  A necrophage (D:10)
  A black bear (D:10)
  14 centaurs
  2 phantoms
  8 ogres
  3 big kobolds (D:11)
  12 bullfrogs
  A gnoll sergeant (D:9)
  A wyvern skeleton (D:9)
  A water moccasin skeleton (D:8)
  2 scorpions (D:8)
  35 killer bees
  10 wights
  4 howler monkeys
  3 jellies
  2 centaur zombies (D:10)
  A bullfrog zombie (D:10)
  A bullfrog skeleton (D:11)
  5 hounds
  12 orc wizards
  A quasit (D:10)
  6 orc priests
  A gnoll shaman (D:7)
  Ijyb (D:4)
  5 iguanas
  6 worker ants
  A killer bee zombie (D:9)
  A hound skeleton (D:5)
  A hound zombie (D:10)
  3 mummies (D:10)
  A worker ant zombie (D:11)
  14 gnolls
  11 adders
  A white imp (D:8)
  2 ufetubi
  2 adder skeletons
  2 adder zombies
  4 worms
  3 dart slugs
  7 leopard geckos
  39 orcs
  8 giant cockroaches
  7 goblins
  5 hobgoblins
  10 jackals
  13 kobolds
  4 quokkas
  A ball python (D:3)
  8 bats
  5 frilled lizards
  2 jackal skeletons
  A jackal zombie (D:6)
  A leopard gecko skeleton (D:7)
  8 rats
369 creatures vanquished.

Vanquished Creatures (collateral kills)
  2 killer bees (D:9)
2 creatures vanquished.

Vanquished Creatures (others)
  A human (D:7)
  20 fungi
  4 plants
  4 withered plants (D:10)
29 creatures vanquished.

Grand Total: 400 creatures vanquished

Notes
Turn   | Place    | Note
-------+----------+-------------------------------------------
     0 | D:1      | Zeld the Minotaur Berserker began the quest for the Orb.
     0 | D:1      | Reached XP level 1. HP: 19/19 MP: 0/0
   129 | D:1      | Reached skill level 4 in Axes
   225 | D:1      | Reached XP level 2. HP: 22/26 MP: 1/1
   938 | D:1      | Reached skill level 5 in Axes
  1081 | D:1      | Reached XP level 3. HP: 31/31 MP: 2/2
  1259 | D:2      | Reached ** piety under Trog
  1544 | D:2      | Found a stormy altar of Qazlal.
  1634 | D:2      | Found a blossoming altar of Fedhas.
  1912 | D:2      | Reached skill level 6 in Axes
  1912 | D:2      | Reached XP level 4. HP: 27/39 MP: 3/3
  2956 | D:3      | Found a shadowy altar of Dithmenos.
  3020 | D:3      | Reached skill level 7 in Axes
  3020 | D:3      | Reached XP level 5. HP: 45/45 MP: 4/4
  3563 | D:3      | Found a shimmering altar of Xom.
  3834 | D:4      | Noticed Ijyb
  3843 | D:4      | Killed Ijyb
  3857 | D:4      | Reached skill level 8 in Axes
  3880 | D:4      | Noticed Eustachio
  3903 | D:4      | Killed Eustachio
  3904 | D:4      | Reached XP level 6. HP: 49/51 MP: 5/5
  3966 | D:4      | Reached skill level 9 in Axes
  3993 | D:4      | Found a basalt altar of Yredelemnul.
  4001 | D:4      | Reached *** piety under Trog
  4400 | D:4      | Reached XP level 7. HP: 49/57 MP: 6/6
  4472 | D:4      | Found Muumoydd's Jewellery Shop.
  4628 | D:5      | Entered Level 5 of the Dungeon
  4695 | D:5      | Reached skill level 10 in Axes
  4845 | D:5      | Found an ancient bone altar of Kikubaaqudgha.
  5109 | D:5      | Reached skill level 11 in Axes
  5660 | D:6      | Reached XP level 8. HP: 64/64 MP: 7/7
  5979 | D:6      | Reached skill level 12 in Axes
  6678 | D:6      | Reached skill level 13 in Axes
  7193 | D:6      | Found a staircase to the Ecumenical Temple.
  7232 | D:6      | Reached **** piety under Trog
  7233 | D:6      | Reached XP level 9. HP: 63/70 MP: 8/8
  7438 | Temple   | Entered the Ecumenical Temple
  7553 | D:7      | Reached skill level 14 in Axes
  7779 | D:7      | Found an iron altar of Okawaru.
  7790 | D:7      | Noticed Menkaure
  8198 | D:7      | Killed Menkaure
  8494 | D:7      | Found Agoary's Distillery.
  8499 | D:7      | Bought a potion of heal wounds for 60 gold pieces
  8499 | D:7      | Bought a potion of haste for 120 gold pieces
  8499 | D:7      | Bought a potion of heal wounds for 60 gold pieces
  8499 | D:7      | Bought a potion of heal wounds for 60 gold pieces
  8532 | D:7      | Found a snail-covered altar of Cheibriados.
  8900 | D:7      | Found an ancient bone altar of Kikubaaqudgha.
  8917 | D:7      | Found a bloodstained altar of Trog.
  8931 | D:7      | Reached skill level 5 in Fighting
  9038 | D:7      | Found a shimmering blue altar of Sif Muna.
  9443 | D:8      | Reached skill level 5 in Armour
  9620 | D:8      | Found a staircase to the Lair.
  9780 | D:8      | Found Mioc's Book Shop.
  9787 | D:8      | Noticed a two-headed ogre
  9802 | D:8      | Killed a two-headed ogre
  9803 | D:8      | Reached skill level 5 in Dodging
  9803 | D:8      | Reached XP level 10. HP: 57/84 MP: 9/9
 10153 | D:8      | Reached ***** piety under Trog
 11015 | D:9      | Noticed Psyche
 11026 | D:9      | Killed Psyche
 12056 | D:9      | Noticed a two-headed ogre
 12227 | D:9      | Killed a two-headed ogre
 12690 | D:10     | Entered Level 10 of the Dungeon
 12822 | D:10     | Reached XP level 11. HP: 61/97 MP: 10/10
 13085 | D:10     | Found a snail-covered altar of Cheibriados.
 13232 | D:10     | Noticed a two-headed ogre
 13240 | D:10     | Killed a two-headed ogre
 13241 | D:10     | Noticed a two-headed ogre
 13250 | D:10     | Killed a two-headed ogre
 13371 | D:10     | Received a gift from Trog
 13493 | D:10     | Noticed a two-headed ogre
 13507 | D:10     | Killed a two-headed ogre
 13508 | D:10     | Reached skill level 10 in Fighting
 13932 | D:11     | Found Teocw's Tempting Trifles.
 13945 | D:11     | Bought a scroll of teleportation for 45 gold pieces
 14126 | D:11     | Found a staircase to the Orcish Mines.
 14129 | D:11     | Noticed a boulder beetle
 14151 | D:11     | Found Xadir's Weapon Shop.
 14171 | D:11     | Killed a boulder beetle
 14172 | D:11     | Reached skill level 10 in Armour
 14563 | D:11     | Noticed a two-headed ogre
 14571 | D:11     | Killed a two-headed ogre
 16033 | D:11     | Reached skill level 10 in Dodging
 16317 | D:11     | Noticed a purple ugly thing
 16319 | D:11     | Noticed Urug
 16335 | D:11     | Killed a purple ugly thing
 16336 | D:11     | Reached XP level 12. HP: 78/110 MP: 11/11
 16344 | D:11     | Killed Urug
 16959 | D:12     | Received a gift from Trog
 17238 | D:7      | Bought a potion of berserk rage for 60 gold pieces
 17238 | D:7      | Bought a potion of berserk rage for 60 gold pieces
 17238 | D:7      | Bought a potion of resistance for 120 gold pieces
 17238 | D:7      | Bought a potion of resistance for 120 gold pieces
 17280 | Lair:1   | Entered Level 1 of the Lair of Beasts
 18397 | D:12     | Found Tydanyl's Magic Scroll Shoppe.
 18400 | D:12     | Bought a scroll of identify for 34 gold pieces
 18400 | D:12     | Bought a scroll of fear for 59 gold pieces
 18400 | D:12     | Bought a scroll of identify for 34 gold pieces
 19148 | D:12     | Noticed a two-headed ogre
 19154 | D:12     | Killed a two-headed ogre
 19725 | D:13     | Noticed a tengu warrior
 19728 | D:13     | Noticed a centaur warrior
 19735 | D:13     | Killed a tengu warrior
 19741 | D:13     | Killed a centaur warrior
 20145 | D:13     | Noticed Jorgrun
 20161 | D:13     | Killed from afar by Jorgrun

Illustrated notes

Levels and vault maps discovered:
D:1:      minmay_arrival_checkered_box, layout_basic, hangedman_feature_mirror
D:2:      minmay_evil_eye, layout_loops_cross,
          grunt_temple_overflow_forces_of_nature, fountainhead,
          amcnicky_mini_corridor_feature
D:3:      layout_loops_ring, overflow_temple_1_default, tgw_xom
D:4:      layout_basic, yredelemnul_altar_generic, serial_shops,
          nicolae_shop_competitors_out_of_business, uniq_eustachio, uniq_ijyb
D:5:      layout_loops_ring, nicolae_overflow_hidden_temple, serial_aquarium,
          aquarium_bridge_island_small [aquarium_subvault_small_open,
          aquarium_subvault_bridge, aquarium_subvault_bridge,
          aquarium_subvault_wall, aquarium_subvault_bridge],
          aquarium_window_double, aquarium_window_1, aquarium_window_corridor_1,
          aquarium_view_2c, aquarium_balcony_double_4, aquarium_pool_S
D:6:      layout_gridville, minmay_temple_entry_mist, hangedman_minor_gate_pass
D:7:      layout_cave_pools, nzn_overflow_gifts_of_might_and_magic,
          okawaru_gym_becter, cheibriados_altar_1, serial_rivers,
          chequers_serial_rivers_micro_b, chequers_serial_rivers_micro_d,
          chequers_serial_rivers_small_a, chequers_serial_rivers_marsh,
          chequers_serial_rivers_large_b, chequers_serial_rivers_large_a,
          serial_shops, kennysheep_little_box, kennysheep_crisscross,
          tgw_kikubaaqudgha, uniq_menkaure
D:8:      layout_basic, grunt_lair_entry_orc_guard_hut, serial_shops,
          nicolae_shop_window_shopping
D:9:      layout_cave_pods, special_room [special_room_bee], uniq_psyche
D:10:     layout_irregular_city, serial_undead, serial_undead_e,
          serial_undead_c, serial_undead_f, serial_undead_b, serial_undead_b,
          serial_undead_f, basic_altar
D:11:     layout_irregular_city, orc_david_3, serial_co_window_serial,
          co_window_corner_a, co_window_of_opportunity_a, co_window_paths_b,
          co_window_paths_a, co_window_paths_a, co_window_corner_b,
          co_window_cross_4, co_window_corner_b, co_window_corner_b,
          co_window_of_opportunity_b, co_window_paths_e, co_window_4corner_b,
          glass_columns_a, glass_columns_b, glass_columns_a, glass_columns_b,
          grunt_ministairs_2, small_chamber_with_monster,
          nicolae_alphabet_shops, uniq_urug
D:12:     layout_basic, serial_shops, nicolae_shop_behind_doors
D:13:     layout_loops_corners, gammafunk_ghost_split, uniq_jorgrun
Temple:   nicolae_temple_hex_pool
Lair:1:   beast_lair_carwin_large_1, layout_cellular_growth,
          gammafunk_lair_bear_cave, minmay_lair_oklob_chamber

Skill      XL: |  1  2  3  4  5  6  7  8  9 10 11 12 |
---------------+-------------------------------------+-----
Axes           | 4 5 6 7 8 9 11 13 14 | 14.0
Fighting       | 6 9 11 13 | 13.0
Armour         | 6 8 11 12 | 12.8
Dodging        | 5 8 10 11 | 11.8

Action                   |  1- 3 |  4- 6 |  7- 9 | 10-12 || total
-------------------------+-------+-------+-------+-------++-------
Melee: Hand axe          |    81 |   130 |   325 |   790 ||  1326
       Headbutt          |    14 |    28 |    52 |   195 ||   289
Invok: Berserk           |       |     3 |     7 |    16 ||    26
       Trog's Hand       |       |       |       |     2 ||     2
       Brothers in Arms  |       |       |       |     4 ||     4
  Use: Scroll            |       |       |     7 |    13 ||    20
       Potion            |       |       |       |     2 ||     2
 Stab: Sleeping          |     1 |       |       |       ||     1
       Distracted        |     1 |       |       |       ||     1
Armor: Plate armour      |       |    80 |   144 |   324 ||   548
Dodge: Dodged            |    53 |    49 |   108 |   336 ||   546
